 Dungeon Crawl Stone Soup version 0.25-a0-2-g6559c6c67a (webtiles) character file.

Game seed: 10548756320705816059, levelgen mode: deterministic

8221 MrRokkomies the Carver (level 11, -5/72 HPs)
             Began as a Vampire Gladiator on Oct 14, 2019.
             Was an Elder of Kikubaaqudgha.
             Slain by a torpor snail (14 damage)
             ... in a Gauntlet.
             The game lasted 00:35:53 (9782 turns).

MrRokkomies the Carver (Vampire Gladiator)          Turns: 9782, Time: 00:35:53

Health: -5/72      AC: 12    Str: 15    XL:     11   Next: 7%
Magic:  8/11       EV: 18    Int: 16    God:    Kikubaaqudgha [****..]
Gold:   299        SH:  0    Dex: 22    Spells: 2/10 levels left

rFire    . . .     SeeInvis +   J - +1 dagger (venom)
rCold    + + .     Gourm    .   (no shield)
rNeg     + + +     Faith    +   v - +4 ring mail
rPois    ∞         Spirit   .   c - +0 helmet
rElec    .         Reflect  .   (no cloak)
rCorr    .         Harm     .   (no gloves)
MR       +....     NoTele   +   B - +1 pair of boots
Stlth    +++++.....             t - amulet of faith
HPRegen  0.00/turn              H - ring of wizardry
MPRegen  0.12/turn              j - ring of Doubt {Wiz SInv Stlth+}

@: brilliant, agile, flying, bloodless, regenerating, slowed, very slow
A: no food, fangs 3, see invisible, unbreathing
a: Bat Form, Revivify, Receive Corpses, Renounce Religion


You were in a Gauntlet.
You worshipped Kikubaaqudgha.
Kikubaaqudgha was greatly pleased with you.
You were bloodless.

You visited 1 branch of the dungeon, and saw 11 of its levels.
You also visited: Gauntlet.

You collected 403 gold pieces.
You spent 104 gold pieces at shops.

Inventory:

Hand Weapons
 a - a +0 dagger of electrocution
 k - a +0 long sword
 x - a +1 scimitar
 J - a +1 dagger of venom (weapon)
Missiles
 d - a throwing net
 f - 16 javelins
 g - 8 atropa-tipped darts
 n - 3 boomerangs (quivered)
 q - 30 poisoned darts
Armour
 c - a +0 helmet (worn)
 v - a +4 ring mail (worn)
 B - a +1 pair of boots (worn)
Jewellery
 j - the ring of Doubt (right hand) {Wiz SInv Stlth+}
   (You found it on level 6 of the Dungeon)

   [ring of wizardry]

   It improves your spell success rate.
   It lets you see invisible.
   It makes you more stealthy.
 t - an amulet of faith (around neck)
 y - an uncursed ring of poison resistance
 H - a ring of wizardry (left hand)
Wands
 l - a wand of polymorph (10)
 C - a wand of clouds (6)
 I - a wand of digging (9)
Scrolls
 e - 5 scrolls of blinking
 h - 10 scrolls of remove curse
 m - 2 scrolls of immolation
 o - 2 scrolls of fog
 D - 2 scrolls of enchant weapon
Potions
 i - 2 potions of invisibility
 r - a potion of brilliance
 u - a potion of ambrosia {unknown}
 w - a potion of lignification {unknown}
 z - a potion of heal wounds {unknown}
 A - 3 potions of flight
 E - a potion of magic
 F - 2 potions of resistance
 G - a potion of haste {unknown}


   Skills:
 - Level 10.0 Fighting
 * Level 12.2 Long Blades
 - Level 1.5 Throwing
 - Level 3.2 Dodging
 * Level 6.3 Necromancy


You had 2 spell levels left.
You knew the following spells:

 Your Spells              Type           Power        Failure   Level  Hunger
a - Animate Skeleton      Necr           N/A          1%          1    N/A
b - Animate Dead          Necr           N/A          4%          4    N/A
c - Regeneration          Chrm/Necr      ###.......   4%          3    N/A

Your spell library contained the following spells:

 Spells                   Type           Power        Failure   Level  Hunger
 Pain                     Necr           ####         1%          1    N/A
 Sublimation of Blood     Necr           ####......   1%          2    N/A
 Vampiric Draining        Necr           ####......   1%          3    N/A
 Agony                    Necr           ####....     12%         5    N/A
 Dispel Undead            Necr           ####....     12%         5    N/A
 Bolt of Draining         Conj/Necr      ###.......   34%         5    N/A
 Borgnjor's Vile Clutch   Necr/Erth      ###.......   34%         5    N/A

Dungeon Overview and Level Annotations

Branches:
Dungeon (11/15)            Temple (0/1) D:5            Lair (0/6) D:11
    Orc (0/2) D:11        Gauntlet (1/1)

Altars:
Ashenzari
Cheibriados
Elyvilon
Kikubaaqudgha
Ru
Uskayaw
Vehumet
Wu Jian
Xom
Zin
The Shining One

Shops:
D:6 :   D:7 *   D:8 *[([?   D:10 =

Annotations:
D:11 3 runed translucent doors, Beij's ghost, journeyman GrEE; CryoSword's ghost, journeyman DsFi; GordonOverkill's ghost, journeyman DrFE Gauntlet 11 transporters, 1 runed translucent door


Innate Abilities, Weirdness & Mutations

You do not eat.
You do not regenerate when monsters are visible.
You are frail without blood (-20% HP).
You can heal yourself when you bite living creatures.
You are immune to poison.
You have razor-sharp teeth.
You have supernaturally acute eyesight. (SInv)
You can survive without breathing.


Message History

You bite the wolf, but do no damage. The wolf bites you but does no damage.
Cornered, the torpor snail turns to fight!
The wolf bites you.
* * * LOW HITPOINT WARNING * * *
Casting: Regeneration (safe; 4% risk of failure)
Confirm with . or Enter, or press ? or * to list all spells.
Your skin crawls.
The wolf barely misses you. x2; The torpor snail bites you.
* * * LOW HITPOINT WARNING * * *
You feel better.
You kill the wolf!
Kikubaaqudgha accepts your kill. The wolf misses you.
The wolf closely misses you.
The torpor snail bites you but does no damage.
The wolf bites you.
* * * LOW HITPOINT WARNING * * *
You feel better. The wolf completely misses you. The wolf bites you!
* * * LOW HITPOINT WARNING * * *
The torpor snail bites you!
You die...
Kikubaaqudgha rasps: "You have failed me!
Welcome... oblivion!"

##≈#≈#≈#§#§#≈#≈#≈#§#≈#≈#§
##..§§§.................§.
#≈........................
##..###########..#########
#≈..#.)h......#..#g..#.#..
##..#.######..#..#..#...#.
#≈..###....##.#..#.##...##
##..##.####.#.#####..#.##.
#≈.©#.##w@hh#.#©©#....©^#.
##..#.#.####.######..#.##.
#≈..#.##h...###..#.##...##
##..#..######©#..#g.#...#.
#≈..#........##..#x..#.#..
##..###########..#########
#≈.\......................
##......\.................
##≈#≈#≈..#########..#####


You could see a torpor snail and 3 wolves.

Vanquished Creatures
  Snorg (D:10)
  2 two-headed ogres
  An ugly thing (D:11)
  A kobold demonologist (D:10)
  Sigmund (D:2)
  2 shadows
  A tarantella (shapeshifter) (D:10)
  A hungry ghost (D:10)
  2 water moccasins
  A porcupine (D:11)
  4 orc warriors
  An ice beast (D:6)
  3 sky beasts
  A phantom (D:6)
  5 ogres
  A wolf (Gauntlet)
  3 centaurs
  2 big kobolds (D:10)
  4 bullfrogs
  A wyvern skeleton (D:10)
  A scorpion (D:4)
  A water moccasin skeleton (D:6)
  9 killer bees (D:8)
  3 wights (D:9)
  4 jellies
  2 howler monkeys
  5 crimson imps
  A bullfrog zombie (D:7)
  6 hounds
  6 orc priests
  A centaur skeleton (D:4)
  4 iguanas
  Jessica (D:2)
  A bullfrog skeleton (D:9)
  A gnoll shaman (D:6)
  Natasha (thrice) (D:2)
  11 orc wizards
  A hell rat (D:11)
  2 worker ants
  3 hound skeletons
  3 worker ant zombies
  Robin (D:3)
  5 gnolls
  10 adders
  2 shadow imps
  2 adder skeletons
  2 worms
  A dart slug (D:5)
  2 leopard geckos
  49 orcs
  8 bats
  2 giant cockroaches
  11 goblins
  13 hobgoblins
  4 jackals (D:2)
  9 kobolds
  3 quokkas
  A ball python (D:4)
  6 frilled lizards
  2 quokka zombies
  6 rats
246 creatures vanquished.

Vanquished Creatures (others)
  A withered plant (Gauntlet)
1 creature vanquished.

Grand Total: 247 creatures vanquished

Notes
Turn   | Place    | Note
-------+----------+-------------------------------------------
     0 | D:1      | MrRokkomies the Vampire Gladiator began the quest for the
                  | Orb.
     0 | D:1      | Reached XP level 1. HP: 16/16 MP: 1/1
    89 | D:1      | Reached XP level 2. HP: 15/17 MP: 2/2
   258 | D:1      | Reached XP level 3. HP: 22/22 MP: 3/3
   406 | D:2      | Noticed Natasha
   417 | D:2      | Killed Natasha
   417 | D:2      | Reached skill level 4 in Long Blades
   431 | D:2      | Found a shimmering altar of Xom.
   435 | D:2      | Noticed Natasha
   450 | D:2      | Killed Natasha
   450 | D:2      | Reached XP level 4. HP: 21/28 MP: 4/4
   462 | D:2      | Noticed Natasha
   479 | D:2      | Killed Natasha
  1088 | D:2      | Noticed Sigmund
  1113 | D:2      | Killed Sigmund
  1113 | D:2      | Reached skill level 5 in Long Blades
  1113 | D:2      | Reached XP level 5. HP: 18/34 MP: 5/5
  1113 | D:2      | Reached XP level 6. HP: 20/39 MP: 6/6
  1256 | D:2      | Noticed Jessica
  1258 | D:2      | Killed Jessica
  1356 | D:3      | Noticed Robin
  1375 | D:3      | Killed Robin
  1607 | D:3      | Noticed an orc warrior
  1623 | D:3      | Killed an orc warrior
  1627 | D:3      | Reached skill level 5 in Fighting
  1627 | D:3      | Reached skill level 6 in Long Blades
  1627 | D:3      | Reached XP level 7. HP: 11/44 MP: 7/7
  2547 | D:4      | Found a sacrificial altar of Ru.
  2927 | D:4      | Found an ancient bone altar of Kikubaaqudgha.
  2927 | D:4      | Found an ornate altar of the Wu Jian Council.
  2928 | D:4      | Found a shattered altar of Ashenzari.
  2933 | D:4      | Became a worshipper of Kikubaaqudgha
  3127 | D:5      | Entered Level 5 of the Dungeon
  3640 | D:5      | Found a radiant altar of Vehumet.
  3735 | D:5      | Reached skill level 7 in Long Blades
  3789 | D:5      | Found a staircase to the Ecumenical Temple.
  4091 | D:6      | Found Ussuove's Book Emporium.
  4094 | D:6      | Got a translucent wooden ring
  4105 | D:6      | Identified the ring of Doubt {Wiz SInv Stlth+} (You found
                  | it on level 6 of the Dungeon)
  4125 | D:6      | Reached XP level 8. HP: 27/51 MP: 8/8
  4329 | D:6      | Reached * piety under Kikubaaqudgha
  4329 | D:6      | Identified Kikubaaqudgha's Grimoire of Stolen Souls
                  | (Kikubaaqudgha gifted it to you on level 6 of the Dungeon)
  4329 | D:6      | Received a gift from Kikubaaqudgha
  4494 | D:6      | Learned a level 1 spell: Animate Skeleton
  4534 | D:6      | Reached skill level 8 in Long Blades
  4562 | D:6      | Found a glowing golden altar of the Shining One.
  4565 | D:6      | Found a white marble altar of Elyvilon.
  4565 | D:6      | Found a glowing silver altar of Zin.
  4571 | D:6      | Found a snail-covered altar of Cheibriados.
  4940 | D:6      | Found a hide-covered altar of Uskayaw.
  5037 | D:6      | Noticed a two-headed ogre
  5058 | D:6      | Killed a two-headed ogre
  5058 | D:6      | Reached skill level 9 in Long Blades
  5058 | D:6      | Reached XP level 9. HP: 59/59 MP: 9/9
  5485 | D:7      | Found Cesh's Assorted Antiques.
  5493 | D:7      | Bought a scimitar for 104 gold pieces
  5570 | D:7      | Reached ** piety under Kikubaaqudgha
  6477 | D:8      | Found Edompuboe's Assorted Antiques.
  6485 | D:8      | Noticed a two-headed ogre
  6502 | D:8      | Reached skill level 10 in Long Blades
  6569 | D:8      | Killed a two-headed ogre
  6569 | D:8      | Reached XP level 10. HP: 43/67 MP: 10/10
  6862 | D:8      | Found Foilauhi's Armour Shoppe.
  6926 | D:8      | Found Xuokiwk's Magic Scroll Shoppe.
  7059 | D:8      | Found Xyfiph's Antique Weapon Boutique.
  7059 | D:8      | You fall into a shaft and drop 1 floor!
  7059 | D:9      | Found a shimmering altar of Xom.
  7110 | D:9      | Reached skill level 11 in Long Blades
  7243 | D:9      | Reached *** piety under Kikubaaqudgha
  7243 | D:9      | Identified Kikubaaqudgha's Volume of Darkness
                  | (Kikubaaqudgha gifted it to you on level 9 of the Dungeon)
  7243 | D:9      | Received a gift from Kikubaaqudgha
  7402 | D:9      | Reached skill level 10 in Fighting
  7402 | D:9      | Reached skill level 1 in Necromancy
  8095 | D:8      | Found Losar's Armour Shoppe.
  8222 | D:10     | Entered Level 10 of the Dungeon
  8223 | D:10     | Found Vuwyalom's Jewellery Emporium.
  8351 | D:10     | Noticed a rust devil
  8557 | D:10     | Noticed an orb spider
  8567 | D:10     | an orb spider changed into a yak
  8768 | D:10     | Noticed Snorg
  8782 | D:10     | Killed Snorg
  8782 | D:10     | Reached skill level 12 in Long Blades
  8782 | D:10     | Reached skill level 5 in Necromancy
  8938 | D:10     | Learned a level 4 spell: Animate Dead
  8942 | D:10     | Learned a level 3 spell: Regeneration
  8965 | D:11     | Found a runed translucent gate.
  8965 | D:11     | Found a runed translucent gate.
  8965 | D:11     | Found a runed translucent gate.
  8969 | D:11     | Noticed GordonOverkill's ghost (journeyman DrFE)
  8969 | D:11     | Noticed CryoSword's ghost (journeyman DsFi)
  8969 | D:11     | Noticed Beij's ghost (journeyman GrEE)
  8975 | D:11     | Noticed a purple ugly thing
  8995 | D:11     | Killed a purple ugly thing
  9012 | D:11     | Reached XP level 11. HP: 57/72 MP: 11/11
  9047 | D:11     | Found a staircase to the Lair.
  9048 | D:11     | Noticed a death yak
  9049 | D:11     | Noticed a death yak
  9049 | D:11     | Noticed a death yak
  9141 | D:11     | Reached **** piety under Kikubaaqudgha
  9269 | D:11     | Found a staircase to the Orcish Mines.
  9350 | D:11     | Found a gate leading to a gauntlet.
  9356 | Gauntlet | Entered a Gauntlet
  9356 | Gauntlet | Found a transporter.
  9356 | Gauntlet | Found a transporter.
  9356 | Gauntlet | Found a transporter.
  9357 | Gauntlet | Found a transporter.
  9359 | Gauntlet | Found a transporter.
  9361 | Gauntlet | Found a transporter.
  9366 | Gauntlet | Noticed a queen ant
  9370 | Gauntlet | Found a transporter.
  9371 | Gauntlet | Found a transporter.
  9372 | Gauntlet | Found a transporter.
  9373 | Gauntlet | Found a transporter.
  9378 | Gauntlet | Noticed a wizard
  9380 | Gauntlet | Found a transporter.
  9380 | Gauntlet | Noticed a death drake
  9384 | Gauntlet | Found a transporter.
  9390 | Gauntlet | Noticed a wizard
  9471 | Gauntlet | Found a runed translucent door.
  9782 | Gauntlet | Slain by a torpor snail

Levels and vault maps discovered:
D:1:      minmay_arrival_five_plusses, layout_rooms
D:2:      layout_basic, xom_teletrap_fun, uniq_sigmund, uniq_jessica,
          uniq_natasha
D:3:      layout_loops_corners, first_ration, uniq_robin
D:4:      layout_rooms, gammafunk_temple_overflow_forgotten,
          nicolae_ru_sacrificial_ziggurat
D:5:      layout_basic, vehumet_crystals, minmay_temple_entry_antechambers
D:6:      layout_gridville, grunt_temple_overflow_open, basic_altar,
          serial_shops, shop, kennysheep_pointless_box
D:7:      layout_basic, serial_shops,
          nicolae_shop_temple_entry_statues_fountains,
          kennysheep_big_empty_room, minmay_stone_trees_large, nicolae_sextant
D:8:      layout_loops_cross, serial_shops, shop, nicolae_shop_behind_doors,
          kennysheep_mini_moat, nicolae_shop_waterfront, nicolae_shop_stone
D:9:      layout_basic, basic_altar
D:10:     layout_basic, serial_shops, shop, uniq_snorg
D:11:     layout_loops_corners, dpeg_lair_monsters, orc_0_dummy,
          gauntlet_entry_generic, gammafunk_ghost_cemetery
Gauntlet: minmay_gauntlet_mixed_big_or_small [gammafunk_gauntlet_arena_spirals,
          minmay_gauntlet_arena_77_fan, gammafunk_gauntlet_arena_chambers,
          minmay_gauntlet_arena_77_path, gammafunk_gauntlet_arena_split_diamond,
          minmay_gauntlet_arena_77_museum, gauntlet_exit_green]

Skill      XL: |  1  2  3  4  5  6  7  8  9 10 |
---------------+-------------------------------+-----
Fighting       | 2 3 4 5 6 8 9 10 | 10.0
Long Blades    | 4 5 6 7 9 10 12 | 12.2
Necromancy     | 6 |  6.3
Throwing       | |  1.5
Dodging        | |  3.2

Action                   |  1- 3 |  4- 6 |  7- 9 | 10-12 || total
-------------------------+-------+-------+-------+-------++-------
Melee: Hand axe          |    17 |       |       |       ||    17
       Long sword        |     8 |    32 |    26 |       ||    66
       Bite              |     6 |    14 |    59 |    51 ||   130
       Dagger            |    51 |    80 |   423 |   329 ||   883
       Scimitar          |       |       |    12 |     3 ||    15
Throw: Javelin           |     2 |     4 |       |       ||     6
       Boomerang         |       |       |    18 |    13 ||    31
       Dart              |       |       |     2 |       ||     2
       Throwing net      |       |       |     2 |       ||     2
 Cast: Regeneration      |       |       |       |     2 ||     2
 Abil: Exsanguinate      |     1 |       |       |       ||     1
  Use: Scroll            |     5 |       |     8 |     3 ||    16
       Potion            |       |     2 |     2 |     7 ||    11
 Stab: Sleeping          |    10 |       |     7 |    16 ||    33
       Held in net/web   |       |       |     1 |       ||     1
Armor: Leather armour    |     5 |       |       |       ||     5
       Chain mail        |    16 |    42 |   115 |       ||   173
       Ring mail         |       |       |    58 |   109 ||   167
Dodge: Dodged            |    28 |    29 |   182 |   191 ||   430
       Rpst.: Long sword |     2 |     3 |     1 |       ||     6
       Scimitar          |       |       |       |     1 ||     1

Table legend:
 A = Non-vault XP
 B = Vault XP
 C = Vault XP percentage of total XP
 D = Non-vault monster count
 E = Vault monster count
 F = Vault count percentage of total count
                 A         B        C        D         E       F
            +---------+---------+-------+---------+---------+-------
      Total |    9984 |    1761 |  15.0 |     226 |      20 |   8.1
            +---------+---------+-------+---------+---------+-------
        D:1 |      49 |       0 |   0.0 |      24 |       0 |   0.0
        D:2 |     100 |     314 |  75.8 |      13 |       3 |  18.8
        D:3 |     281 |      39 |  12.2 |      25 |      13 |  34.2
        D:4 |     230 |       0 |   0.0 |      11 |       0 |   0.0
        D:5 |     260 |       0 |   0.0 |      12 |       0 |   0.0
        D:6 |    2185 |       0 |   0.0 |      38 |       0 |   0.0
        D:7 |     739 |       0 |   0.0 |      23 |       0 |   0.0
        D:8 |    2538 |       0 |   0.0 |      30 |       0 |   0.0
        D:9 |     671 |       0 |   0.0 |      17 |       0 |   0.0
       D:10 |    1816 |    1112 |  38.0 |      28 |       1 |   3.4
       D:11 |    1115 |     177 |  13.7 |       5 |       2 |  28.6
   Gauntlet |       0 |     119 | 100.0 |       0 |       1 | 100.0
            +---------+---------+-------+---------+---------+-------
